Map: Abyssal Reef LE

Players

Nigrnog - Winner!

  • Race: Zerg Zerg
  • League: Silver
  • Spawn Location: 11:00

MooEsqoo

  • Race: Zerg Zerg
  • Spawn Location: 5:00

VOD

Have the link to the VOD?

Description

Time

  • Played on: Dec. 20, 2019, 10:17 a.m.
  • Length: 16:55
Show
View Real Time Build Order
Export as new Build Order

Nigrnog Zerg - Winner!

Build Orders: Pool First 

Get SALT Encoding   

  12  0:00  Drone  
  13  0:13  Overlord  
  13  0:19  Drone  
  14  0:35  Extractor, Drone  
  14  0:38  Drone x2  
  16  0:47  Drone  
  17  0:53  Spawning Pool  
  16  0:58  Drone  
  17  1:11  Drone  
  18  1:19  Drone  
  19  1:34  Drone  
  20  1:41  Hatchery, Drone  
  20  1:50  Queen  
  22  1:57  Overlord  
  22  2:04  Evolution Chamber  
  22  2:05  Zergling x2  
  22  2:11  Extractor  
  22  2:13  Overlord  
  21  2:22  Metabolic Boost  
  21  2:31  Zergling x2  
  21  2:36  Zerg Melee Weapons Level 1  
  22  2:38  Drone  
  23  2:48  Zergling x2  
  24  3:00  Zergling x8  
  28  3:16  Zergling x2  
  28  3:18  Queen  
  28  3:19  Drone x3  
  34  3:33  Zergling x2  
  34  3:34  Zergling x8  
  39  3:46  Zergling x2  
  40  4:02  Zergling x8  
  36  4:24  Zergling x6  
  36  4:27  Zergling x4  
  36  4:30  Zergling x6  
  43  4:45  Zergling x8  
  42  4:58  Zergling x2  
  42  4:59  Zergling x4  
  41  5:22  Zerg Ground Armor Level 1  
  41  5:27  Evolution Chamber  
  40  5:30  Roach Warren  
  39  5:37  Overlord, Drone x5  
  39  5:38  Overlord x2  
  39  5:40  Hatchery  
  43  5:45  Zergling x2  
  42  6:04  Drone x5  
  47  6:17  Drone  
  48  6:27  Drone x2  
  52  6:35  Zerg Missile Weapons Level 1  
  52  6:37  Zergling x6  
  52  6:38  Zergling x2  
  55  6:54  Roach x7  
  62  7:01  Lair  
  66  7:12  Hatchery  
  66  7:14  Roach x4  
  73  7:45  Overlord x6  
  73  7:51  Extractor  
  72  7:52  Drone  
  72  7:53  Extractor  
  72  7:56  Drone  
  73  8:02  Queen  
  75  8:11  Zerg Melee Weapons Level 2  
  75  8:22  Drone x4  
  75  8:23  Drone x5  
  84  8:29  Glial Reconstitution  
  84  8:34  Queen  
  84  8:39  Drone  
  84  8:40  Drone  
  88  8:43  Extractor  
  88  8:47  Extractor  
  86  8:50  Roach x2  
  86  8:51  Roach  
  92  9:11  Roach x6  
  92  9:12  Roach  
  92  9:14  Drone  
  107  9:18  Overlord  
  107  9:28  Burrow  
  107  9:30  Zergling x8  
  111  9:37  Drone x3  
  114  9:38  Drone  
  114  9:39  Drone  
  114  9:41  Drone  
  117  9:48  Drone x3  
  120  10:02  Roach x5  
  130  10:11  Roach x2  
  134  10:20  Zerg Ground Armor Level 2  
  134  10:25  Infestation Pit  
  134  10:26  Zerg Missile Weapons Level 2  
  133  10:37  Baneling Nest  
  132  10:45  Overlord x6  
  132  10:52  Queen  
  134  11:06  Roach x6  
  146  11:16  Drone x3  
  146  11:17  Drone x3  
  152  11:20  Overlord  
  152  11:39  Roach x2  
  162  11:40  Roach x5  
  162  11:45  Hive  
  166  11:52  Drone x3  
  166  11:53  Drone x2  
  171  11:59  Queen  
  173  12:04  Queen  
  173  12:05  Drone  
  176  12:36  Roach x8  
  176  12:37  Roach x5  
  191  12:47  Overlord  
  191  12:48  Overlord x2  
  191  13:11  Roach x2  
  191  13:12  Roach x4  
  198  13:20  Spire  
  197  13:27  Spire  
  196  13:44  Roach  
  184  14:15  Roach x8  
  139  14:32  Roach x7  
  139  14:33  Roach x9  
  139  14:34  Roach x3  
  159  14:45  Roach x5  
  151  14:46  Roach  
  147  14:53  Roach x3  
  147  14:54  Roach x4  
  161  15:09  Roach x6  
  173  15:18  Roach x2, Zergling x4  
  179  15:34  Roach x7  
  179  15:35  Roach x3  
  199  15:38  Hatchery  
  194  15:51  Roach x3  
  165  16:12  Roach x5  
  165  16:13  Roach x4  
Show
View Real Time Build Order
Export as new Build Order

MooEsqoo Zerg 

Build Orders: Hatch First 

Get SALT Encoding   

  12  0:03  Drone  
  13  0:13  Overlord  
  13  0:20  Drone  
  14  0:32  Drone x2  
  16  0:41  Drone  
  17  0:47  Drone  
  18  0:59  Hatchery  
  17  1:06  Extractor  
  17  1:08  Drone  
  17  1:15  Drone  
  18  1:22  Spawning Pool  
  17  1:25  Drone  
  17  1:30  Drone  
  19  1:42  Drone  
  20  1:52  Drone  
  21  2:04  Overlord  
  21  2:12  Queen  
  21  2:13  Queen  
  21  2:15  Zergling x4  
  27  2:17  Metabolic Boost  
  27  2:49  Hatchery  
  27  2:50  Drone x3  
  29  2:52  Drone  
  29  2:53  Drone x2  
  32  3:08  Queen  
  32  3:09  Queen  
  36  3:14  Overlord  
  36  3:34  Zergling x10  
  41  3:42  Zergling x2  
  41  3:43  Zergling x4  
  44  4:02  Zergling x4  
  46  4:03  Zergling x4  
  43  4:18  Baneling Nest  
  43  4:21  Roach Warren  
  43  4:23  Zergling x10  
  41  4:28  Queen  
  41  4:29  Queen x2  
  47  4:34  Zergling x2  
  47  4:35  Zergling x2  
  46  4:59  Zergling x2  
  45  5:00  Zergling x12  
  50  5:14  Lair  
  50  5:23  Evolution Chamber  
  49  5:33  Extractor  
  49  5:34  Extractor  
  47  5:36  Baneling x4  
  47  5:37  Baneling x4  
  47  5:38  Baneling  
  47  5:39  Baneling x3  
  47  5:41  Zergling x2  
  47  5:42  Extractor, Zergling x6  
  50  5:43  Overlord  
  50  5:45  Overlord  
  49  6:06  Roach x4  
  49  6:10  Drone  
  58  6:11  Drone  
  58  6:17  Drone  
  58  6:18  Drone  
  61  6:29  Roach x2  
  65  6:34  Overlord  
  62  6:58  Roach x2, Zergling x4  
  62  6:59  Roach x2  
  62  7:00  Drone  
  73  7:33  Overlord x3  
  73  7:45  Overlord x3  
  73  7:51  Queen x2  
  73  7:54  Roach x2  
  73  7:57  Drone  
  73  7:58  Drone  
  83  8:12  Drone x5  
  88  8:30  Drone  
  88  8:31  Drone x2  
  88  8:32  Drone x2  
  93  8:45  Drone x3  
  93  8:46  Roach x2  
  100  8:49  Drone x2  
  100  8:53  Baneling x3  
  102  8:56  Glial Reconstitution  
  102  9:16  Roach x5  
  112  9:21  Ravager  
  113  9:39  Overlord x2  
  113  9:40  Overlord x2  
  113  10:03  Roach x5  
  113  10:04  Drone x3, Roach  
  113  10:05  Roach  
  130  10:07  Baneling x2  
  130  10:18  Zerg Missile Weapons Level 1  
  130  10:19  Centrifical Hooks  
  130  10:27  Roach  
  130  10:28  Roach x2  
  136  10:41  Spire  
  135  10:46  Drone  
  135  10:47  Drone x2  
  139  10:50  Drone  
  139  11:02  Extractor x2  
  137  11:08  Ravager x2  
  137  11:09  Ravager x6  
  145  11:12  Overlord x4  
  145  11:25  Overlord x2  
  145  11:30  Drone  
  145  11:31  Drone x4  
  150  11:55  Corruptor  
  150  11:56  Corruptor x3  
  158  12:14  Roach  
  158  12:15  Roach x3  
  166  12:16  Corruptor x2, Zergling x6  
  162  12:43  Baneling x2  
  162  12:44  Baneling x4  
  162  12:48  Baneling x5  
  162  12:49  Baneling x3  
  162  12:55  Roach x2  
  162  12:56  Roach x4  
  174  12:58  Drone  
  174  12:59  Drone x2  
  178  13:20  Ravager x3  
  178  13:21  Zergling x12  
  185  13:34  Zergling x6  
  188  13:43  Baneling x5  
  188  13:44  Baneling x7  
  188  13:45  Baneling  
  188  13:46  Zergling x6  
  181  14:16  Zergling x4  
  181  14:17  Zergling x10  
  135  14:50  Zergling x2  
  135  14:51  Zergling x14  
  138  15:09  Roach x3  
  138  15:10  Roach  
  144  15:27  Baneling  
  144  15:28  Baneling x7  
  144  15:29  Baneling x7  
  144  15:31  Zergling x6  
  144  15:32  Zergling x4  
  151  15:57  Roach x4  
  135  16:12  Zergling x8  
  114  16:25  Zergling x10  
  96  16:26  Zergling x4  
  87  16:37  Zergling x2  
Tags
 
Add a new tag
Caveats
  • Supply blocks, unpowered buildings, or Contaminate may cause inaccurate times.
  • Supply counts are checked every 10 seconds.